 Dungeon Crawl Stone Soup version 0.25.1-9-gc5326a611f (webtiles) character file.

Game seed: 1243373919679555217

18 Descartes the Ducker (level 2, 0/14 HPs)
             Began as a Felid Monk on Jan 3, 2021.
             Slain by a bat (1 damage)
             ... on level 2 of the Dungeon.
             The game lasted 00:01:00 (1174 turns).

Descartes the Ducker (Felid Monk)                   Turns: 1174, Time: 00:01:01

Health: 0/14       AC:  1    Str:  7    XL:     2   Next: 48%
Magic:  3/3        EV: 20    Int: 11    God:
Gold:   85         SH:  0    Dex: 18    Spells: 1/1 levels left
                                        Lives:  0   Deaths: 0

rFire    . . .     SeeInvis +     - Unarmed
rCold    . . .     Gourm    .   (shield unavailable)
rNeg     . . .     Faith    .   (armour unavailable)
rPois    .         Spirit   .   (helmet unavailable)
rElec    .         Reflect  .   (cloak unavailable)
rCorr    .         Harm     .   (gloves unavailable)
MR       .....                  (boots unavailable)
Stlth    +++.......             (no amulet)
HPRegen  0.04/turn              (no ring)
MPRegen  0.08/turn              (no ring)

@: quick
A: very small, no armour, no weapons or thrown items, stealth, claws 1, fangs 3,
see invisible, carnivore, speed 1, shaggy fur 1, slow metabolism 1, sharp paws
a: no special abilities


You were on level 2 of the Dungeon.
You were very full.

You visited 1 branch of the dungeon, and saw 2 of its levels.

You collected 85 gold pieces.

Inventory:

Missiles
 b - 50 stones
Scrolls
 c - a scroll of enchant armour {unknown}
 d - 3 scrolls of identify {unknown}
 e - 2 scrolls of teleportation {unknown}
 g - a scroll of fear {unknown}
 h - a scroll of fog {unknown}
Potions
 f - a potion of resistance {unknown}
Comestibles
 a - 3 rations
 i - 2 chunks of flesh


   Skills:
 + Level 3.2 Fighting
 + Level 4.3 Dodging
 + Level 3.2 Stealth
 + Level 3.2 Unarmed Combat


You had one spell level left.
You didn't know any spells.
Your spell library was empty.

Dungeon Overview and Level Annotations

Branches:
Dungeon (2/15)

Altars:

Annotations:
D:2 Sigmund


Innate Abilities, Weirdness & Mutations

You cannot wear armour.
You are incapable of wielding weapons or throwing items.
Your paws allow you to move quietly. (Stealth)
You have sharp claws.
You have razor-sharp teeth.
You have supernaturally acute eyesight. (SInv)
You are carnivorous and can eat meat at any time.
You cover ground quickly.
You are covered in fur. (AC +1)
You have a slow metabolism.
Your sharp claws are effective at attacking unaware monsters.


Message History

You are too injured to fight recklessly!
You are too injured to fight recklessly!
You are too injured to fight recklessly!
You are too injured to fight recklessly!
The goblin throws a stone.
The stone misses you.
The goblin throws a stone.
The stone barely misses you.
A giant cockroach comes into view.
You see here 2 stones.
Sigmund screams, "Only death can liberate you!"
You see here a goblin skeleton.
The bat misses you. The bat hits you but does no damage.
The bat completely misses you. The bat misses you.
Sigmund breathes a few words.
Sigmund's hands start flickering wildly.
Sigmund casts a spell.
Sigmund flickers and vanishes for a moment.
You see here a bat skeleton.
The bat hits you.
You die...

#.........#
####g###### #@# #
##รท#### ##.
#.....# #....
#.#.#.#
.....###.#.#.#
#....b.....# .#
##...@.....#
..##..........##
............#..#
#..........##.# .
##.........##.#
..##.........##.#
#.............#..#
.#
...............##
...
....#.....#.###


You could see Sigmund (invisible), a goblin and a bat.

Vanquished Creatures
  2 leopard geckos (D:1)
  5 bats
  A goblin (D:2)
  A hobgoblin (D:1)
  A kobold (D:1)
  2 frilled lizards (D:1)
  5 rats (D:1)
17 creatures vanquished.

Notes
Turn   | Place    | Note
-------+----------+-------------------------------------------
     0 | D:1      | Descartes the Felid Monk began the quest for the Orb.
     0 | D:1      | Reached XP level 1. HP: 10/10 MP: 2/2
   306 | D:1      | Reached XP level 2. HP: 14/14 MP: 3/3
  1155 | D:2      | Noticed Sigmund
  1174 | D:2      | Slain by a bat

Illustrated notes

Levels and vault maps discovered:
D:1:      dpeg_arrival_windows_large_door, layout_basic
D:2:      layout_rooms, nicolae_dithmenos_shadow_blocks, uniq_sigmund,
          uniq_jessica

Skill      XL: |  1 |
---------------+----+-----
Stealth        | 3 |  3.2
Fighting       | |  3.2
Dodging        | |  4.3
Unarmed Combat | |  3.2

Action                   || total
-------------------------++-------
Melee: Unarmed           ||    35
       Bite              ||    10
 Stab: Sleeping          ||     7
  Eat: Chunk             ||     7
Armor: Skin              ||     5
Dodge: Dodged            ||    27
